Map: Dusk Towers

Players

Gumby - Winner!

  • Race: Protoss Protoss

blackxored

  • Race: Zerg Zerg
  • League: Diamond

VOD

Have the link to the VOD?

Description

Time

  • Played on: July 3, 2016, 10:40 a.m.
  • Length: 10:09
Show
View Real Time Build Order
Export as new Build Order

Gumby Protoss - Winner!

Build Orders:  

Get SALT Encoding   

  12  0:01  Probe (Chrono Boost)  
  13  0:11  Probe (Chrono Boost)  
  14  0:22  Pylon, Probe (Chrono Boost)  
  15  0:40  Probe (Chrono Boost)  
  16  0:44  Pylon  
  16  0:51  Probe (Chrono Boost)  
  16  0:56  Pylon  
  17  1:02  Gateway  
  17  1:06  Probe (Chrono Boost)  
  18  1:16  Probe (Chrono Boost)  
  19  1:27  Forge, Probe (Chrono Boost)  
  20  1:38  Probe (Chrono Boost)  
  21  1:48  Probe (Chrono Boost)  
  21  1:53  Cybernetics Core, Assimilator  
  22  2:05  Pylon  
  22  2:06  Photon Cannon  
  22  2:15  Photon Cannon  
  22  2:17  Photon Cannon  
  22  2:23  Probe (Chrono Boost)  
  23  2:33  Probe (Chrono Boost), Photon Cannon  
  24  2:47  Gateway  
  24  2:50  Probe (Chrono Boost)  
  25  3:01  Probe (Chrono Boost)  
  25  3:02  Assimilator  
  26  3:10  Pylon  
  26  3:12  Probe (Chrono Boost)  
  27  3:22  Probe (Chrono Boost)  
  27  3:26  Stargate  
  28  3:33  Probe (Chrono Boost)  
  29  3:43  Nexus  
  29  3:45  Mothership Core (Chrono Boost)  
  31  3:56  Pylon, Photon Cannon  
  31  4:11  Void Ray (Chrono Boost)  
  35  4:27  Probe  
  36  4:36  Pylon  
  36  4:39  Probe  
  36  4:40  Assimilator  
  36  4:44  Assimilator  
  37  4:51  Void Ray (Chrono Boost), Probe  
  42  4:59  Probe  
  42  5:03  Probe  
  42  5:06  Photon Cannon  
  44  5:09  Probe  
  45  5:15  Probe  
  46  5:28  Void Ray (Chrono Boost)  
  50  5:29  Probe  
  50  5:30  Probe  
  52  5:39  Probe  
  52  5:40  Pylon  
  52  5:42  Probe  
  54  5:50  Probe  
  54  5:56  Probe  
  56  6:00  Probe  
  56  6:02  Stargate  
  57  6:05  Void Ray (Chrono Boost)  
  49  6:37  Probe  
  50  6:40  Robotics Facility  
  50  6:42  Void Ray (Chrono Boost)  
  50  6:45  Void Ray (Chrono Boost)  
  58  7:01  Nexus  
  58  7:06  Protoss Air Weapons Level 1  
  58  7:07  Stargate  
  58  7:11  Pylon  
  58  7:20  Void Ray (Chrono Boost)  
  62  7:23  Void Ray (Chrono Boost)  
  62  7:27  Warp Prism  
  68  7:33  Photon Cannon  
  72  7:57  Void Ray x2 (Chrono Boost)  
  76  8:01  Void Ray (Chrono Boost)  
  80  8:16  Probe  
  81  8:22  Nexus  
  81  8:27  Probe  
  90  8:34  Void Ray (Chrono Boost)  
  90  8:37  Probe  
  90  8:39  Void Ray (Chrono Boost)  
  90  8:40  Pylon  
  91  8:42  Pylon  
  91  8:44  Photon Cannon  
  91  8:48  Probe  
  91  8:55  Void Ray (Chrono Boost)  
  96  8:58  Probe  
  97  9:06  Void Ray (Chrono Boost)  
  97  9:09  Observer (Chrono Boost)  
  102  9:31  Probe  
  106  9:32  Probe  
  108  9:41  Probe  
  108  9:43  Probe  
  108  9:52  Probe  
  112  9:53  Probe  
Show
View Real Time Build Order
Export as new Build Order

blackxored Zerg 

Build Orders: Pool First, Ravager All-In 

Get SALT Encoding   

  12  0:01  Drone  
  13  0:09  Drone  
  14  0:18  Overlord  
  14  0:23  Extractor, Drone  
  15  0:38  Drone x2  
  17  0:56  Drone  
  18  1:02  Drone  
  19  1:12  Extractor  
  19  1:13  Spawning Pool  
  16  1:33  Drone x3  
  18  1:49  Drone  
  19  2:01  Zergling x2  
  20  2:10  Roach Warren  
  20  2:12  Drone  
  20  2:20  Hatchery  
  19  2:32  Drone x2  
  19  2:33  Spine Crawler  
  20  2:41  Extractor, Drone  
  20  2:51  Drone  
  21  2:59  Overlord  
  21  3:12  Drone  
  22  3:24  Drone  
  23  3:33  Queen  
  25  3:35  Queen  
  25  3:40  Roach  
  29  3:44  Roach  
  31  3:48  Overlord  
  31  3:55  Roach  
  33  4:05  Ravager x2  
  35  4:10  Queen  
  35  4:15  Roach  
  35  4:16  Roach  
  42  4:17  Ravager  
  42  4:23  Spore Crawler  
  41  4:25  Spine Crawler  
  41  4:31  Roach  
  42  4:46  Ravager x2  
  43  5:00  Overlord x3  
  43  5:27  Queen  
  45  5:29  Drone x3  
  45  5:34  Drone  
  49  5:35  Spore Crawler  
  49  5:41  Roach  
  50  5:46  Spore Crawler  
  50  5:47  Spore Crawler  
  48  5:57  Spore Crawler  
  47  5:58  Roach x2  
  47  6:03  Queen  
  53  6:05  Pneumatized Carapace  
  53  6:06  Evolution Chamber  
  50  6:38  Queen  
  52  6:45  Ravager x2  
  54  7:14  Queen  
  56  7:26  Roach  
  56  7:27  Overlord x2  
  58  7:33  Overlord  
  58  7:49  Zergling x30  
  73  8:19  Ravager x2  
  76  8:20  Ravager  
Tags
 
Add a new tag
Caveats
  • Supply blocks, unpowered buildings, or Contaminate may cause inaccurate times.
  • Supply counts are checked every 10 seconds.